 Dungeon Crawl Stone Soup version 0.17-a0-1718-g72dbe4d (webtiles) character file.

302 matakusis the Ducker (level 6, -3/46 HPs)
             Began as a Demonspawn Gladiator on Aug 25, 2015.
             Slain by Pikel
             ... wielding a +0 whip of flaming
              (5 damage)
             ... on level 4 of the Dungeon.
             The game lasted 00:14:19 (3285 turns).

matakusis the Ducker (Demonspawn Gladiator)         Turns: 3285, Time: 00:14:20

Health: -3/46      AC:  9    Str: 16      XL:     6   Next: 14%
Magic:  6/6        EV: 16    Int:  9      God:
Gold:   269        SH:  0    Dex: 14 (15) Spells: 0 memorised, 5 levels left

rFire  + . .     SeeInvis .     a - +0 long sword
rCold  . . .     Clarity  .     m - +2 robe {MR+}
rNeg   . . .     SustAt   .     (no shield)
rPois  .         Gourm    .     (helmet restricted)
rElec  .         Spirit   .     p - +1 cloak
rCorr  .         Warding  .     g - +0 pair of gloves
rMut   .         Stasis   .     (no boots)
MR     +....                    (no amulet)
Stlth  +.........               (no ring)
                                f - +2 ring of evasion

@: somewhat resistant to hostile enchantments, very unstealthy
A: horns 1, thin metallic scales 1, fire resistance 1, powered by death 1
a: no special abilities


You were on level 4 of the Dungeon.
You were hungry.

You visited 1 branch of the dungeon, and saw 4 of its levels.
You also visited: Sewer.

You collected 269 gold pieces.

Inventory:

Hand weapons
 a - a +0 long sword (weapon)
 t - a +2 quarterstaff of crushing
Missiles
 s - 8 javelins (quivered)
Armour
 b - a +0 leather armour
 g - a +0 pair of gloves (worn)
 m - a +2 robe of magic resistance (worn)
 p - a +1 cloak (worn)
Jewellery
 f - a +2 ring of evasion (left hand)
 j - an uncursed ring of fire
Scrolls
 k - a scroll of teleportation
 u - a scroll of identify
Potions
 l - 4 potions of flight
 q - a potion of resistance
 r - 2 potions of berserk rage
Comestibles
 e - 2 bread rations
 h - a meat ration
 i - a slice of pizza
 n - 2 beef jerkies
 o - 4 fruits


   Skills:
 * Level 2.8 Fighting
 * Level 4.1 Long Blades
 - Level 1.7 Throwing
 + Level 2.2 Armour
 + Level 4.3 Dodging


You had 5 spell levels left.
You didn't know any spells.

Dungeon Overview and Level Annotations

Branches:
Dungeon (4/15)
 Temple: D:4-7

Altars:
Cheibriados
Fedhas
Ru

Annotations:
D:4 Pikel


Innate Abilities, Weirdness & Mutations

You have a pair of small horns on your head.
You are partially covered in thin metallic scales (AC +2).
Your flesh is heat resistant.
You regenerate a little health from kills.


Message History

You slash Pikel! Your headbutt misses Pikel.
Pikel is almost dead.
Pikel hits you but does no damage. The slave completely misses you.
The slave hits you but does no damage. Pikel hits you with a whip of flaming!
Pikel burns you. The slave misses you.
You miss Pikel.
Pikel is almost dead.
The slave hits you but does no damage. The slave hits you.
* * * LOW HITPOINT WARNING * * *
Pikel barely misses you.
You hit Pikel but do no damage. Your headbutt misses Pikel.
Pikel is almost dead.
The slave closely misses you. The slave misses you.
Pikel says, "You'll feel the lick of my whip!"
Pikel barely misses you. The slave hits you!
* * * LOW HITPOINT WARNING * * *
You closely miss Pikel. You headbutt Pikel, but do no damage.
Pikel is almost dead.
The slave closely misses you. Pikel hits you with a whip of flaming.
You die...

... #.###. ##..##
..# #.#.# ##.###
#.# #...####.##
#.## ##...##.##
#.###......##
#......#...##
##.%...###...##
##......####...##
#.p@.#...##.....#
##pK###......##.#
##a# ##.....##.#
. #.# ##....##.#
##. #.#
#........# ..#
#.# #.####...#
..# .## #.. ##..#
..## # #.# ####
.?.# #.


You could see Pikel, 2 slaves and a worker ant.

Vanquished Creatures
  Blork the orc (D:4)
  A worker ant (D:4)
  3 gnolls (D:2)
  2 river rats (D:3)
  4 adders
  5 oozes (Sewer)
  5 worms
  7 giant geckos
  14 bats
  3 giant cockroaches
  9 goblins
  10 hobgoblins
  8 jackals
  6 kobolds
  3 quokkas (D:3)
  2 ball pythons
  5 giant newts
  7 rats
95 creatures vanquished.

Notes
Turn   | Place    | Note
--------------------------------------------------------------
     0 | D:1      | matakusis the Demonspawn Gladiator began the quest for the Orb.
     0 | D:1      | Reached XP level 1. HP: 16/16 MP: 1/1
   294 | D:1      | Reached skill level 3 in Long Blades
   405 | D:1      | Gained mutation: You are partially covered in thin metallic scales (AC +2). [demonic ancestry]
   405 | D:1      | Reached XP level 2. HP: 17/22 MP: 2/2
  1060 | D:2      | Reached skill level 1 in Armour
  1060 | D:2      | Gained mutation: Your flesh is heat resistant. [demonic ancestry]
  1060 | D:2      | Reached XP level 3. HP: 14/27 MP: 3/3
  1264 | D:2      | Gained mutation: You regenerate a little health from kills. [demonic ancestry]
  1264 | D:2      | Reached XP level 4. HP: 33/33 MP: 4/4
  1975 | D:3      | Found a snail-covered altar of Cheibriados.
  1980 | D:3      | Found a blossoming altar of Fedhas.
  2152 | D:3      | Gained mutation: You have a pair of small horns on your head. [demonic ancestry]
  2152 | D:3      | Reached XP level 5. HP: 39/39 MP: 5/5
  2167 | D:3      | Found a glowing drain.
  2171 | Sewer    | Entered a sewer
  2587 | Sewer    | Reached skill level 4 in Dodging
  2943 | D:4      | Noticed a slave
  2944 | D:4      | Noticed a slave
  2944 | D:4      | Noticed a slave
  2945 | D:4      | Noticed Pikel
  2952 | D:4      | Noticed Blork the orc
  2978 | D:4      | Found a sacrificial altar of Ru.
  2980 | D:4      | Killed Blork the orc
  2980 | D:4      | Reached XP level 6. HP: 4/46 MP: 6/6
  3268 | D:4      | Noticed a slave
  3284 | D:4      | HP: 1/46 [slave[Pikel] (8)]
  3285 | D:4      | Slain by Pikel

Vault maps used:
D:1:      onia_arrival_pyramid, roderic_lattice_a
D:2:      wad_river_or_something
D:3:      grunt_temple_overflow_open, gup_sewer_entry_spiral
D:4:      grunt_temple_overflow_order_and_chaos_2, lemuel_doored_altar,
          temple_statues, nicolae_ossuary_entry_plus, first_bread, uniq_pikel,
          uniq_blork_the_orc
Sewer:    sewer_fruit_machine

Action                   |  1- 3 |  4- 6 || total
-------------------------+-------+-------++-------
Melee: Long sword        |   108 |   260 ||   368
Throw: Throwing net      |       |     4 ||     4
  Use: Potion            |     2 |     6 ||     8
       Scroll            |     1 |     9 ||    10
 Stab: Sleeping          |       |     1 ||     1
       Held in net/web   |       |     2 ||     2
  Eat: Chunk             |     1 |     7 ||     8
